[Event "Titled Tuesday Blitz June 13 Early 2023"]
[White "Vignesh N R"]
[Black "Kumsiashvili, Nikoloz"]
[WhiteFideId "25012215"]
[BlackFideId "13600621"]
[WhiteElo "2415"]
[BlackElo "2299"]
[Result "1-0"]
[Round "10"]
[TimeControl "180+2"]
[Date "2023.06.13"]
[WhiteClock "0:00:14"]
[BlackClock "0:00:08"]
[Board "40"]

1. Nf3 Nf6 2. g3 d5 3. Bg2 c6 4. O-O Bf5 5. c4 e6 6. Qb3 Qb6 7. d3 Nbd7 8. Be3 Bc5 9. d4 Be7 10. Nc3 O-O 11. Rac1 Qxb3 12. axb3 Ne4 13. Nd2 Nxd2 14. Bxd2 Bb4 15. Rfd1 Nf6 16. Bg5 Be7 17. f3 h6 18. Bf4 Rfd8 19. Kf2 c5 20. Be3 cxd4 21. Bxd4 dxc4 22. bxc4 Rac8 23. e4 Bg6 24. Ne2 a6 25. Nf4 Bh7 26. Ne2 Nd7 27. Be3 Ne5 28. Rxd8+ Rxd8 29. Rc2 Bb4 30. c5 Rd1 31. Nd4 Rb1 32. Bf1 Nc6 33. Nxc6 bxc6 34. Bxa6 f5 35. Bd3 fxe4 36. Bxe4 Bxe4 37. fxe4 e5 38. Ke2 Kf7 39. Kd3 Ke6 40. Kc4 Ba5 41. Bd2 Bxd2 42. Rxd2 Rc1+ 43. Kb4 Re1 44. Rd6+ Ke7 45. Rxc6 Rxe4+ 46. Kc3 Re3+ 47. Kc4 Re2 48. b4 Rxh2 49. b5 Rd2 50. b6 e4 51. b7 Rb2 52. Rb6 1-0


[Site "https://www.chess.com"]

[Event "Titled Tuesday Blitz June 13 Early 2023"]
[White "Moral Garcia, Serafin"]
[Black "Rahman, Masruri"]
[WhiteFideId "2201925"]
[BlackFideId "7101163"]
[WhiteElo "2274"]
[BlackElo "2256"]
[Result "0-1"]
[Round "10"]
[TimeControl "180+2"]
[Date "2023.06.13"]
[WhiteClock "0:00:15"]
[BlackClock "0:00:22"]
[Board "41"]

1. e4 e6 2. d4 d5 3. Nd2 c5 4. exd5 Qxd5 5. Ngf3 cxd4 6. Bc4 Qd6 7. O-O Nf6 8. Nb3 Nc6 9. Nbxd4 Nxd4 10. Nxd4 Bd7 11. Bb3 O-O-O 12. c3 Qc7 13. Qf3 Bd6 14. h3 Kb8 15. Bg5 e5 16. Nc2 Bc6 17. Qe2 h6 18. Bxf6 gxf6 19. Ne3 Rhg8 20. f3 Bc5 21. Kh1 e4 22. f4 Rd3 23. Ng4 Rg3 24. Rad1 R8xg4 25. hxg4 f5 26. Qe1 Rxg4 27. g3 h5 28. Bd5 h4 29. gxh4 Qd8 30. Bxc6 Rxh4+ 0-1


[Site "https://www.chess.com"]

[Event "Titled Tuesday Blitz June 13 Early 2023"]
[White "Pastar, Slaven"]
[Black "Aradhya, Garg"]
[WhiteFideId "14402718"]
[BlackFideId "25006746"]
[WhiteElo "2219"]
[BlackElo "2263"]
[Result "1-0"]
[Round "10"]
[TimeControl "180+2"]
[Date "2023.06.13"]
[WhiteClock "0:00:08"]
[BlackClock "0:00:13"]
[Board "42"]

1. b3 e5 2. Bb2 Nc6 3. Nf3 e4 4. Nd4 Nf6 5. e3 Bc5 6. Nxc6 dxc6 7. d4 exd3 8. Bxd3 Bg4 9. Be2 Qxd1+ 10. Bxd1 Bxd1 11. Kxd1 O-O-O+ 12. Ke2 Ne4 13. Bxg7 Rhg8 14. Be5 Rde8 15. Bg3 Bd4 16. c3 Bf6 17. Rc1 h5 18. f3 Nxg3+ 19. hxg3 Rxg3 20. Rg1 Reg8 21. Kd3 Rxg2 22. Rxg2 Rxg2 23. Nd2 h4 24. Ne4 Be7 25. f4 h3 26. Rh1 h2 27. Nd2 Bh4 28. Nf1 Rxa2 29. Nxh2 Be7 30. Nf3 Rg2 31. Rh7 Rg3 32. Nd4 Bf6 33. Rxf7 Bxd4 34. cxd4 a5 35. f5 Kd8 36. f6 Rf3 37. Ke4 Rf1 38. Ke5 Re1 39. e4 b5 40. Rf8+ Kd7 41. Rf7+ Kd8 42. Rh7 Ke8 43. Rxc7 a4 44. bxa4 bxa4 45. Rxc6 a3 46. Ra6 Re3 47. Ra7 Kf8 48. d5 Rd3 49. Ke6 Kg8 50. Ra8+ Kh7 51. f7 Rf3 52. f8=Q Rxf8 53. Rxf8 1-0


[Site "https://www.chess.com"]

[Event "Titled Tuesday Blitz June 13 Early 2023"]
[White "Chernobay, Artem"]
[Black "Shuvalova, Polina"]
[WhiteFideId "4167406"]
[BlackFideId "24171760"]
[WhiteElo "2474"]
[BlackElo "2281"]
[Result "0-1"]
[Round "10"]
[TimeControl "180+2"]
[Date "2023.06.13"]
[WhiteClock "0:00:00"]
[BlackClock "0:00:06"]
[Board "43"]

1. d4 Nf6 2. c4 e6 3. Nf3 d5 4. g3 Be7 5. Bg2 O-O 6. O-O c6 7. Nbd2 Nbd7 8. Qc2 b6 9. e4 Bb7 10. e5 Ne8 11. cxd5 cxd5 12. Re1 Rc8 13. Qd1 Nc7 14. Nf1 Re8 15. h4 h6 16. Ne3 Bf8 17. Ng4 b5 18. Bf4 b4 19. Qd2 a5 20. Bxh6 gxh6 21. Nxh6+ Bxh6 22. Qxh6 Qe7 23. Ng5 f6 24. exf6 Nxf6 25. Rac1 Qg7 26. Qxg7+ Kxg7 27. Bh3 Re7 28. f3 Rce8 29. Kf2 Kg6 30. Rc5 Ba6 31. Rxa5 Bd3 32. Rc5 Nb5 33. Re3 Bc4 34. b3 Nxd4 35. bxc4 dxc4 36. Rxc4 Nf5 0-1


[Site "https://www.chess.com"]

[Event "Titled Tuesday Blitz June 13 Early 2023"]
[White "Starozhilov, Leonid"]
[Black "Gontcharov, Vladislav"]
[WhiteFideId "14106752"]
[BlackFideId "4123492"]
[WhiteElo "2352"]
[BlackElo "2420"]
[Result "0-1"]
[Round "10"]
[TimeControl "180+2"]
[Date "2023.06.13"]
[WhiteClock "0:00:00"]
[BlackClock "0:01:01"]
[Board "44"]

1. e4 e6 2. d4 d5 3. Nc3 Bb4 4. e5 c5 5. a3 Bxc3+ 6. bxc3 Ne7 7. h4 Qc7 8. Nf3 b6 9. a4 Ba6 10. Bb5+ Bxb5 11. axb5 a5 12. bxa6 Rxa6 13. Rb1 h6 14. h5 cxd4 15. cxd4 Qc4 16. Qe2 Qxe2+ 17. Kxe2 Nbc6 18. Bd2 Kd7 19. Rb2 Nf5 20. c3 Rha8 21. Rhb1 Kc7 22. g4 Nfe7 23. Be3 Na5 24. Nd2 Nc8 25. Kd3 Kc6 26. g5 hxg5 27. Bxg5 Na7 28. Be7 Rh8 29. Rg1 Rxh5 30. Rxg7 Nb5 31. Rxf7 Ra7 32. Rg7 Rf5 33. f3 Nc4 34. Nxc4 dxc4+ 35. Ke4 Nxc3+ 36. Ke3 Nd5+ 37. Ke2 c3 38. Rc2 b5 39. Bf6 Rxg7 40. Bxg7 b4 41. Bf8 Kb5 42. Bc5 Kc4 43. Kf2 b3 44. Re2 b2 0-1


[Site "https://www.chess.com"]

[Event "Titled Tuesday Blitz June 13 Early 2023"]
[White "Matinian, Nikita"]
[Black "Budrewicz, Krzysztof"]
[WhiteFideId "24129100"]
[BlackFideId "1127950"]
[WhiteElo "2422"]
[BlackElo "2230"]
[Result "0-1"]
[Round "10"]
[TimeControl "180+2"]
[Date "2023.06.13"]
[WhiteClock "0:00:12"]
[BlackClock "0:00:17"]
[Board "45"]

1. e4 g6 2. d4 Bg7 3. Nc3 d6 4. Be3 a6 5. g4 b5 6. Bg2 Bb7 7. h4 h6 8. h5 g5 9. Qd2 Nd7 10. O-O-O e5 11. Nge2 Ne7 12. Ng3 Nf6 13. f3 O-O 14. dxe5 dxe5 15. Bc5 Qxd2+ 16. Rxd2 Rfe8 17. Rhd1 Bf8 18. a4 Bc6 19. Bf1 bxa4 20. Bc4 Nc8 21. Bxf8 Rxf8 22. Nf5 Kh7 23. Nd5 Bxd5 24. Bxd5 Rb8 25. Bc4 Nb6 26. Bxa6 Ra8 27. Bb7 Rab8 28. Bc6 Nc4 29. c3 Nxd2 30. Rxd2 Rfd8 31. Bd5 Nxd5 32. exd5 Rb5 33. Ne3 Kg7 34. Rd3 Kf6 35. c4 Rb3 36. Rxb3 axb3 37. Kd2 e4 38. fxe4 Ke5 39. Kd3 Kf4 40. Nf5 Kxg4 41. Nxh6+ Kxh5 42. Nxf7 Rf8 43. Ne5 g4 44. Nxg4 Kxg4 45. e5 Kf5 46. Kd4 Rh8 47. e6 Kf6 48. Kc5 Rh4 49. Kb4 Rh3 50. Kc5 Ke7 51. Kc6 Rc3 52. c5 Rc2 53. Kb5 Rxb2 54. d6+ cxd6 0-1


[Site "https://www.chess.com"]

[Event "Titled Tuesday Blitz June 13 Early 2023"]
[White "Sowul, Bartosz"]
[Black "Rakotomaharo, Fy Antenaina"]
[WhiteFideId "1137590"]
[BlackFideId "13100050"]
[WhiteElo "2188"]
[BlackElo "2427"]
[Result "1-0"]
[Round "10"]
[TimeControl "180+2"]
[Date "2023.06.13"]
[WhiteClock "0:00:21"]
[BlackClock "0:00:11"]
[Board "46"]

1. e4 c5 2. Nc3 a6 3. g3 b5 4. Bg2 Bb7 5. Nge2 e6 6. d4 cxd4 7. Nxd4 d6 8. O-O Nd7 9. Re1 Rc8 10. a4 b4 11. Na2 a5 12. c3 bxc3 13. Nxc3 Be7 14. Ndb5 Nc5 15. Bf4 e5 16. Be3 Nf6 17. Bg5 O-O 18. Bxf6 Bxf6 19. Nd5 Ba6 20. Bf1 Bg5 21. h4 Bh6 22. Qf3 Kh8 23. Red1 Rc6 24. Ra3 Qd7 25. Kh2 f5 26. Bh3 g6 27. b4 Nxa4 28. Rxa4 Bxb5 29. Rxa5 Bc4 30. exf5 gxf5 31. Qh5 Kg7 32. Rda1 Bxd5 33. Rxd5 Rc2 34. Kg1 Qe6 35. Ra7+ Kh8 36. Rb5 Rc1+ 37. Kh2 Rc2 38. Rbb7 Qg6 39. Rxh7+ Qxh7 40. Rxh7+ Kxh7 41. Bxf5+ Kg8 42. Qg6+ Bg7 43. Be6+ 1-0


[Site "https://www.chess.com"]

[Event "Titled Tuesday Blitz June 13 Early 2023"]
[White "Quintiliano Pinto, Renato R."]
[Black "ATM622"]
[WhiteFideId "2117568"]
[WhiteElo "2459"]
[BlackElo "2586"]
[Result "1-0"]
[Round "10"]
[TimeControl "180+2"]
[Date "2023.06.13"]
[WhiteClock "0:00:14"]
[BlackClock "0:00:29"]
[Board "47"]

1. d4 Nf6 2. Nf3 e6 3. c4 d5 4. Nc3 Be7 5. cxd5 exd5 6. Bf4 O-O 7. Qc2 c6 8. e3 Bg4 9. h3 Bh5 10. Ne5 Bg6 11. Nxg6 hxg6 12. Be2 Bd6 13. Bg5 Nbd7 14. h4 Qa5 15. Kf1 Rfe8 16. h5 gxh5 17. Bxh5 b5 18. Bg4 g6 19. Bxd7 Nxd7 20. Qe2 b4 21. Qg4 Bf8 22. Qxd7 bxc3 23. Rh8+ Kxh8 24. Qxf7 Bg7 25. Ke2 1-0


[Site "https://www.chess.com"]

[Event "Titled Tuesday Blitz June 13 Early 2023"]
[White "Yelisieiev, Yevhenii"]
[Black "gau_npukyputb"]
[WhiteFideId "14139642"]
[WhiteElo "2403"]
[BlackElo "2720"]
[Result "0-1"]
[Round "10"]
[TimeControl "180+2"]
[Date "2023.06.13"]
[WhiteClock "0:00:00"]
[BlackClock "0:01:05"]
[Board "48"]

1. d4 Nf6 2. Nf3 d6 3. g3 Bf5 4. Bg2 c6 5. O-O Nbd7 6. b3 e5 7. dxe5 dxe5 8. Bb2 Qc7 9. Nbd2 Rd8 10. e4 Nxe4 11. Nxe4 Bxe4 12. Qe2 Bxf3 13. Bxf3 Bd6 14. Rad1 O-O 15. Rfe1 Rfe8 16. Be4 Nf6 17. Bf5 h6 18. c4 a5 19. Qc2 Qe7 20. c5 Bc7 21. Rxd8 Rxd8 22. f4 Rd5 23. Kh1 Rxc5 24. Qe2 Rd5 25. fxe5 Nd7 26. Bxd7 Qxd7 27. e6 fxe6 28. Qxe6+ Qxe6 29. Rxe6 Rd1+ 30. Kg2 Rd2+ 31. Kf3 Rxb2 32. Re7 Bd6 33. Rxb7 Rxa2 34. Rb6 Rxh2 35. Rxc6 Bb4 0-1


[Site "https://www.chess.com"]

[Event "Titled Tuesday Blitz June 13 Early 2023"]
[White "Rastbod, Ali"]
[Black "Shubenkova, Veronika"]
[WhiteFideId "12567477"]
[BlackFideId "44124040"]
[WhiteElo "2281"]
[BlackElo "2060"]
[Result "0-1"]
[Round "10"]
[TimeControl "180+2"]
[Date "2023.06.13"]
[WhiteClock "0:00:00"]
[BlackClock "0:00:24"]
[Board "49"]

1. Nf3 d5 2. c4 c6 3. g3 e6 4. Bg2 f5 5. O-O Nf6 6. d3 d4 7. e3 dxe3 8. Bxe3 Be7 9. d4 O-O 10. Nc3 Re8 11. Re1 Nbd7 12. Bf4 Nf8 13. Qb3 a5 14. Rad1 Ra6 15. Na4 Ng6 16. Bc1 Qc7 17. h4 f4 18. Ng5 fxg3 19. Qxg3 Bd6 20. Qb3 b5 21. cxb5 cxb5 22. Nc5 Bxc5 23. dxc5 Nxh4 24. Bh3 Qxc5 25. Qg3 Nf5 26. Qe5 Qxe5 27. Rxe5 Nh4 28. Rxb5 h6 29. Rd4 hxg5 30. Kf1 Rc6 31. Bxg5 Nf3 32. Rd3 Nxg5 33. Bg2 Rc1+ 34. Ke2 Ba6 35. Rxa5 Rc2+ 36. Ke3 Bxd3 37. Rxg5 Bf5 0-1


[Site "https://www.chess.com"]

[Event "Titled Tuesday Blitz June 13 Early 2023"]
[White "kuanysh1981"]
[Black "Maevsky, Nikolay"]
[BlackFideId "4198220"]
[WhiteElo "2525"]
[BlackElo "2021"]
[Result "1-0"]
[Round "10"]
[TimeControl "180+2"]
[Date "2023.06.13"]
[WhiteClock "0:00:51"]
[BlackClock "0:00:05"]
[Board "50"]

1. e4 c5 2. Nf3 Nf6 3. e5 Nd5 4. Nc3 Nxc3 5. dxc3 Nc6 6. Bc4 e6 7. Bf4 h6 8. h4 a6 9. a4 Qc7 10. Qd2 b6 11. h5 Bb7 12. O-O Ne7 13. Rfe1 Nd5 14. Bg3 Qc6 15. Bd3 c4 16. Be4 Bc5 17. Nd4 Bxd4 18. cxd4 Qc7 19. c3 Ne7 20. Bc2 Qc6 21. f3 Qc7 22. Qf4 b5 23. axb5 axb5 24. Rxa8+ Bxa8 25. Qg4 Kf8 26. Ra1 Bd5 27. Bh4 Ng8 28. Be4 Qb7 29. Bxd5 Qxd5 30. Qe4 g5 31. hxg6 Qxe4 32. fxe4 fxg6 33. Ra8+ Kf7 34. Rd8 g5 35. Bf2 Ke7 36. Rb8 Kf7 37. d5 Rh7 38. Rd8 Ne7 39. Rxd7 Ke8 40. dxe6 Rh8 41. Bc5 Ng6 42. Bd6 h5 43. Rg7 Nf4 44. g3 Nxe6 45. Re7+ Kd8 46. Rxe6 h4 47. g4 Kd7 48. Re7+ Kd8 49. Rb7 Rh6 50. Rxb5 h3 51. Kh2 Rh4 52. Rc5 Rxg4 53. Kxh3 Rxe4 54. Rd5 Kc8 55. Rd4 Re2 56. Rxc4+ Kd7 57. b3 Re3+ 58. Kg4 Ke6 59. b4 Rd3 60. b5 Rd5 61. b6 Rb5 62. Rb4 1-0


[Site "https://www.chess.com"]

[Event "Titled Tuesday Blitz June 13 Early 2023"]
[White "Mohammad Fahad, Rahman"]
[Black "Jovic, Stanoje"]
[WhiteFideId "10207791"]
[BlackFideId "905020"]
[WhiteElo "2339"]
[BlackElo "2236"]
[Result "1-0"]
[Round "10"]
[TimeControl "180+2"]
[Date "2023.06.13"]
[WhiteClock "0:01:25"]
[BlackClock "0:00:00"]
[Board "51"]

1. Nf3 Nf6 2. g3 b5 3. Bg2 Bb7 4. Na3 b4 5. Nc4 a5 6. O-O d5 7. Nce5 c5 8. Ng5 Qb6 9. Ngxf7 Rg8 10. d4 cxd4 11. Bf4 h6 12. h4 Na6 13. Bh3 e6 14. e3 Bc5 15. exd4 Bxd4 16. Nd6+ Qxd6 17. Qxd4 g5 18. hxg5 hxg5 19. Nc4 Qxf4 20. gxf4 gxf4+ 21. Kh2 Ke7 22. Qb6 Ng4+ 23. Bxg4 Rxg4 24. Qxb7+ Nc7 25. Qxc7+ Kf6 26. Qe5+ Ke7 27. Qd6+ Kf6 28. Qe5+ Ke7 29. Rg1 1-0


[Site "https://www.chess.com"]

[Event "Titled Tuesday Blitz June 13 Early 2023"]
[White "Petukhov, Dmitry"]
[Black "Timerkhanov, Alexander"]
[WhiteFideId "4142748"]
[BlackFideId "24177938"]
[WhiteElo "2311"]
[BlackElo "2278"]
[Result "0-1"]
[Round "10"]
[TimeControl "180+2"]
[Date "2023.06.13"]
[WhiteClock "0:00:31"]
[BlackClock "0:01:56"]
[Board "52"]

1. e4 c5 2. c3 d5 3. exd5 Qxd5 4. d4 Nf6 5. Nf3 Nc6 6. Be2 e6 7. O-O Be7 8. Be3 cxd4 9. cxd4 a6 10. Nc3 Qd6 11. a3 O-O 12. b4 b5 13. Qb3 Bb7 14. Rfd1 Rac8 15. Rac1 Rfd8 16. h3 h6 17. Bf1 Bf8 18. Ne2 Nd5 19. Ng3 Nxe3 20. fxe3 Qxg3 21. e4 Ne7 22. Qe3 Ng6 23. Kh1 Bd6 24. e5 Be7 25. Bd3 Nf4 26. Bf1 Nxh3 27. Qe1 Nf2+ 28. Kg1 Bxf3 0-1


[Site "https://www.chess.com"]

[Event "Titled Tuesday Blitz June 13 Early 2023"]
[White "Vyatkin, Dmitry"]
[Black "Arabidze, Meri"]
[WhiteFideId "4171900"]
[BlackFideId "13604040"]
[WhiteElo "2279"]
[BlackElo "2405"]
[Result "0-1"]
[Round "10"]
[TimeControl "180+2"]
[Date "2023.06.13"]
[WhiteClock "0:00:00"]
[BlackClock "0:00:11"]
[Board "53"]

1. d4 Nf6 2. c4 e6 3. g3 Bb4+ 4. Bd2 Qe7 5. Bg2 Nc6 6. a3 Bxd2+ 7. Qxd2 e5 8. d5 Nd4 9. Qc3 d6 10. e3 Nf5 11. Nd2 h5 12. h3 Bd7 13. Ne2 c6 14. e4 Nh6 15. h4 cxd5 16. cxd5 Bb5 17. a4 Ba6 18. b4 Bxe2 19. Kxe2 O-O 20. Rhc1 Rad8 21. Kf1 Nfg4 22. f3 Nf6 23. Kg1 Nd7 24. Bh3 f5 25. Qe3 f4 26. Qf2 g5 27. Be6+ Kh8 28. g4 gxh4 29. gxh5 Rg8+ 30. Kf1 Rg3 31. Ke2 Nf8 32. Rh1 Nxe6 33. dxe6 Rdg8 34. Rh2 Qxe6 35. Rc1 Qd7 36. b5 a6 37. Qb6 Rg2+ 38. Rxg2 Rxg2+ 39. Kd3 h3 40. Rc7 Qe6 41. Qxb7 axb5 42. a5 h2 43. Rh7+ Kg8 44. Rd7 Kh8 45. Rh7+ Kg8 46. Rc7 Rxd2+ 47. Kxd2 Qa2+ 48. Kd3 Qb3+ 49. Kd2 Qb2+ 50. Kd3 Qb1+ 51. Kc3 Qc1+ 52. Kd3 Qxc7 53. Qxc7 h1=Q 54. a6 Qd1+ 55. Kc3 Qc1+ 56. Kb4 Qxc7 0-1


[Site "https://www.chess.com"]

[Event "Titled Tuesday Blitz June 13 Early 2023"]
[White "DanyKopy"]
[Black "Kashlinskaya, Alina"]
[BlackFideId "4198026"]
[WhiteElo "2460"]
[BlackElo "2383"]
[Result "1-0"]
[Round "10"]
[TimeControl "180+2"]
[Date "2023.06.13"]
[WhiteClock "0:00:02"]
[BlackClock "0:00:00"]
[Board "54"]

1. e4 c5 2. Nf3 d6 3. d4 cxd4 4. Nxd4 Nf6 5. Nc3 a6 6. Be3 e5 7. Nf3 Be7 8. Bc4 Nc6 9. O-O O-O 10. Re1 Be6 11. Bb3 Rc8 12. Ng5 Bg4 13. Nf3 Na5 14. h3 Bh5 15. Bd5 Nc4 16. Bc1 b5 17. Qd3 Nxd5 18. Nxd5 Bg6 19. a4 f5 20. exf5 Bxf5 21. Qb3 Kh8 22. axb5 axb5 23. Qxb5 e4 24. Ra7 Bh4 25. Qb7 Bf6 26. Bg5 Rb8 27. Bxf6 Rxb7 28. Bxd8 Rxa7 29. Be7 Re8 30. Nd4 Bg6 31. Bg5 h6 32. Bc1 Bf7 33. Nb5 Rb7 34. Ndc3 d5 35. Nd4 Ra8 36. b3 Nd6 37. Bb2 Rc7 38. Nd1 Ra2 39. Re3 Kg8 40. Rg3 Kf8 41. Kh2 Ne8 42. Nb5 Rb7 43. Nd4 Rb8 44. Nf5 g5 45. Nxh6 1-0


[Site "https://www.chess.com"]

[Event "Titled Tuesday Blitz June 13 Early 2023"]
[White "Garcia Cuenca, Victor"]
[Black "Thecourseoisildur"]
[WhiteFideId "2250829"]
[WhiteElo "2329"]
[BlackElo "2595"]
[Result "1-0"]
[Round "10"]
[TimeControl "180+2"]
[Date "2023.06.13"]
[WhiteClock "0:00:20"]
[BlackClock "0:00:00"]
[Board "55"]

1. Nf3 Nf6 2. g3 g6 3. Bg2 Bg7 4. O-O O-O 5. b3 Ne4 6. c3 d5 7. Bb2 c5 8. d3 Nd6 9. Nbd2 Nc6 10. e4 dxe4 11. dxe4 Bg4 12. h3 Bxf3 13. Qxf3 Ne5 14. Qe2 c4 15. Nxc4 Ndxc4 16. bxc4 Rc8 17. Rab1 Nxc4 18. Ba1 b6 19. Rfd1 Qc7 20. h4 Rfd8 21. Bh3 e6 22. h5 Be5 23. hxg6 hxg6 24. Bf1 Rxd1 25. Rxd1 b5 26. a4 bxa4 27. Qa2 Nb6 28. c4 Bxa1 29. Qxa1 Qc5 30. Qf6 a3 31. Qc3 Nxc4 32. Bxc4 a2 33. Ra1 Qxc4 34. Qxc4 Rxc4 35. Rxa2 Rc7 36. Kf1 Kf8 37. Ke2 Ke8 38. Kd3 Kd8 39. Kd4 Kc8 40. Ke5 Kb7 41. Kf6 a6 42. Rb2+ Ka7 43. Ra2 Kb6 44. Rb2+ Ka5 45. Ra2+ Kb5 46. Rb2+ Kc5 47. Rc2+ Kd6 48. e5+ Kd7 49. Ra2 Ra7 50. Kxf7 a5 51. Kxg6 a4 52. Kf6 a3 53. f4 Ra4 54. Kg5 Kc6 55. g4 Kd5 56. Ra1 a2 57. f5 Kxe5 58. Re1+ Kd6 59. Ra1 e5 60. Kg6 Rxg4+ 61. Kf7 Ra4 62. f6 e4 63. Kg7 e3 64. f7 Rg4+ 65. Kh6 1-0


[Site "https://www.chess.com"]

[Event "Titled Tuesday Blitz June 13 Early 2023"]
[White "Shimanov, Aleksandr"]
[Black "Vovk, Orest"]
[WhiteFideId "4198603"]
[BlackFideId "14113490"]
[WhiteElo "2631"]
[BlackElo "2215"]
[Result "1-0"]
[Round "10"]
[TimeControl "180+2"]
[Date "2023.06.13"]
[WhiteClock "0:01:46"]
[BlackClock "0:00:07"]
[Board "56"]

1. h4 d5 2. d4 Nf6 3. Bf4 h6 4. Nc3 Rg8 5. Nf3 Bg4 6. Qd2 c6 7. Ne5 Nbd7 8. O-O-O Nxe5 9. dxe5 Nd7 10. f3 Bf5 11. g4 Bh7 12. e4 e6 13. exd5 exd5 14. Bd3 Bxd3 15. Qxd3 g5 16. hxg5 hxg5 17. Bg3 Nc5 18. Qh7 Rg7 19. Qf5 Qc8 20. Rh8 Qe6 21. Ne2 O-O-O 22. Nd4 Qxf5 23. gxf5 g4 24. Bh4 Be7 25. f6 Bxf6 26. exf6 Rxh8 27. fxg7 Rg8 28. Nf5 Kd7 29. fxg4 Ne6 30. Bf6 Nf4 31. Rh1 Ke6 32. Rh8 1-0


[Site "https://www.chess.com"]

[Event "Titled Tuesday Blitz June 13 Early 2023"]
[White "Omelja, Artem"]
[Black "Bryakin, Mikhail"]
[WhiteFideId "14119846"]
[BlackFideId "4165314"]
[WhiteElo "2404"]
[BlackElo "2464"]
[Result "1-0"]
[Round "10"]
[TimeControl "180+2"]
[Date "2023.06.13"]
[WhiteClock "0:01:14"]
[BlackClock "0:00:01"]
[Board "57"]

1. e4 c5 2. Nf3 e6 3. d3 Nc6 4. g3 Qc7 5. Bg2 Nf6 6. O-O Be7 7. Re1 d6 8. Nc3 a6 9. d4 cxd4 10. Nxd4 O-O 11. Nxc6 bxc6 12. e5 Nd5 13. exd6 Bxd6 14. Ne4 Be7 15. c4 Nf6 16. Qc2 Bb7 17. Bf4 e5 18. Bg5 Nxe4 19. Bxe7 Qxe7 20. Bxe4 h6 21. c5 Rad8 22. Rad1 g6 23. b4 Kg7 24. Qc3 Qf6 25. a4 Rd4 26. Rxd4 exd4 27. Qf3 Qe5 28. Re2 Qc7 29. Bd3 Bc8 30. Bc4 Bf5 31. g4 Bb1 32. Rb2 d3 33. Rxb1 d2 34. Qc3+ Kg8 35. Qxd2 Rd8 36. Qxh6 Qf4 37. Qxf4 1-0


[Site "https://www.chess.com"]

[Event "Titled Tuesday Blitz June 13 Early 2023"]
[White "Klukin, Kirill"]
[Black "Parondo, Rolly"]
[WhiteFideId "24199273"]
[BlackFideId "5217407"]
[WhiteElo "2344"]
[BlackElo "2141"]
[Result "1-0"]
[Round "10"]
[TimeControl "180+2"]
[Date "2023.06.13"]
[WhiteClock "0:01:00"]
[BlackClock "0:00:19"]
[Board "58"]

1. e4 c5 2. Nf3 e6 3. c3 d5 4. exd5 exd5 5. d4 Nc6 6. Bb5 Nf6 7. O-O cxd4 8. Nxd4 Bd7 9. Bg5 Be7 10. Bxf6 Bxf6 11. Bxc6 bxc6 12. Re1+ Kf8 13. Nd2 g6 14. N2b3 Kg7 15. Nc5 Rb8 16. b4 Re8 17. Qd3 Rc8 18. h3 Qc7 19. Qf3 Bxd4 20. cxd4 Bf5 21. Rac1 Qb6 22. a3 a5 23. bxa5 Qxa5 24. Rxe8 Rxe8 25. Qc3 Qc7 26. a4 Re2 27. Re1 Rc2 28. Qe3 Ra2 29. g4 Be4 30. Qb3 Rxf2 31. Kxf2 Qh2+ 32. Ke3 Qg3+ 33. Kd2 Qf2+ 34. Re2 Qxd4+ 35. Nd3 Qg1 36. Qc3+ f6 37. Nf2 Qb1 38. Nxe4 dxe4 39. a5 Kf7 40. Qc4+ Kg7 41. a6 f5 42. Qd4+ Kh6 43. gxf5 Qa2+ 44. Ke1 Qxa6 45. fxg6 hxg6 46. Qe3+ g5 47. h4 Qa1+ 48. Kf2 Qf6+ 49. Kg1 Qf4 50. hxg5+ Kxg5 51. Rg2+ Kf5 52. Rf2 1-0


[Site "https://www.chess.com"]

[Event "Titled Tuesday Blitz June 13 Early 2023"]
[White "Palencia Morales, Wilson Guillermo"]
[Black "Csonka, Balazs"]
[WhiteFideId "4401859"]
[BlackFideId "742910"]
[WhiteElo "2144"]
[BlackElo "2404"]
[Result "0-1"]
[Round "10"]
[TimeControl "180+2"]
[Date "2023.06.13"]
[WhiteClock "0:00:13"]
[BlackClock "0:00:06"]
[Board "59"]

1. d4 d5 2. c4 e6 3. Nf3 Nf6 4. Nc3 c6 5. Bg5 dxc4 6. e4 b5 7. e5 h6 8. Bh4 g5 9. exf6 gxh4 10. Ne5 Qxf6 11. a4 Bb4 12. Be2 Bb7 13. O-O Nd7 14. Nxd7 Kxd7 15. Bf3 Bxc3 16. bxc3 a6 17. Re1 Kc7 18. Re5 Rhg8 19. Qe2 Rg5 20. axb5 axb5 21. Rxa8 Bxa8 22. h3 Rxe5 23. dxe5 Qf4 24. Qa2 Bb7 25. Qa5+ Kc8 26. Qb4 Qc1+ 27. Kh2 Qf4+ 28. Kg1 Qxe5 29. Qf8+ Kc7 30. Qxf7+ Kb6 31. Qd7 Qe1+ 32. Kh2 Qe5+ 33. Kg1 Qxc3 34. Qd8+ Ka7 35. Qc7 Qa1+ 36. Kh2 Qa6 37. g4 Qb6 38. Qg3 hxg3+ 0-1


[Site "https://www.chess.com"]

[Event "Titled Tuesday Blitz June 13 Early 2023"]
[White "Garakov, Mikhael"]
[Black "Papasimakopoulos, Alexandros"]
[WhiteFideId "4169034"]
[BlackFideId "4244125"]
[WhiteElo "2347"]
[BlackElo "2359"]
[Result "1/2-1/2"]
[Round "10"]
[TimeControl "180+2"]
[Date "2023.06.13"]
[WhiteClock "0:00:07"]
[BlackClock "0:00:07"]
[Board "60"]

1. e4 c5 2. Nf3 e6 3. c4 d5 4. exd5 exd5 5. d4 Nf6 6. Be3 cxd4 7. Nxd4 Bb4+ 8. Nc3 O-O 9. a3 Bxc3+ 10. bxc3 Ng4 11. Nc2 Nxe3 12. Nxe3 dxc4 13. Qxd8 Rxd8 14. Bxc4 Nc6 15. Ke2 Ne5 16. Rhd1 Bd7 17. Bd5 Bc6 18. c4 Kf8 19. f4 Bxd5 20. cxd5 Nd7 21. Kf3 Rac8 22. Rac1 g6 23. g4 Nb6 24. g5 Ke7 25. Rxc8 Rxc8 26. d6+ Ke6 27. Ng4 Nd5 28. d7 Rd8 29. Ne5 f6 30. gxf6 Nxf6 31. Rb1 b6 32. Re1 Kf5 33. Rd1 g5 34. fxg5 Kxe5 35. gxf6 Kxf6 36. Kf4 Ke6 37. Kg5 Rxd7 38. Rxd7 Kxd7 39. Kh6 Ke7 40. Kxh7 Kf6 41. h4 b5 42. h5 a5 43. h6 Kf7 44. Kh8 b4 45. a4 b3 46. h7 Ke6 47. Kg8 b2 48. h8=Q b1=Q 49. Qh6+ Kd7 50. Qd2+ Ke7 51. Qxa5 Qg6+ 52. Kh8 Qh6+ 53. Kg8 Qg6+ 54. Kh8 Qh6+ 55. Kg8 Qg6+ 1/2-1/2


[Site "https://www.chess.com"]

[Event "Titled Tuesday Blitz June 13 Early 2023"]
[White "Toncheva, Nadya"]
[Black "Postny, Evgeny"]
[WhiteFideId "2924056"]
[BlackFideId "2804344"]
[WhiteElo "2101"]
[BlackElo "2504"]
[Result "0-1"]
[Round "10"]
[TimeControl "180+2"]
[Date "2023.06.13"]
[WhiteClock "0:00:01"]
[BlackClock "0:00:03"]
[Board "61"]

1. e4 c6 2. d4 d5 3. Nc3 dxe4 4. Nxe4 Bf5 5. Ng3 Bg6 6. h4 h6 7. Nf3 Nd7 8. Bd3 Bxd3 9. Qxd3 e6 10. Bf4 Qa5+ 11. Bd2 Bb4 12. c3 Be7 13. c4 Qc7 14. O-O-O Ngf6 15. Kb1 O-O 16. Ne4 Nxe4 17. Qxe4 Nf6 18. Qe2 b5 19. g4 Nxg4 20. Rhg1 h5 21. Ne5 f5 22. Ng6 Rf7 23. Nf4 bxc4 24. f3 Nf6 25. Nxe6 Qd7 26. Ng5 Rff8 27. Qxc4+ Qd5 28. Qc2 Bd6 29. Rde1 Rfe8 30. Bc3 Bf4 31. Qg2 Rxe1+ 32. Rxe1 Bxg5 33. hxg5 Nh7 34. Re5 Qd7 35. f4 Nf8 36. d5 Rc8 37. Qe2 Ng6 38. Re3 Nxf4 39. Qe1 Nxd5 40. Rd3 Nxc3+ 41. Rxc3 Re8 42. Qc1 Qd5 43. Re3 Rxe3 44. Qxe3 Qe4+ 45. Qxe4 fxe4 0-1


[Site "https://www.chess.com"]